 Dungeon Crawl Stone Soup version 0.19.0-18-g426998a (webtiles) character file.

309 Lochraine the Chiller (level 6, -5/41 HPs)
             Began as a Human Ice Elementalist on Nov 11, 2016.
             Was an Initiate of Dithmenos.
             Slain by a sky beast (6 damage)
             ... on level 5 of the Dungeon.
             The game lasted 00:17:54 (5353 turns).

Lochraine the Chiller (Human Ice Elementalist)      Turns: 5353, Time: 00:17:54

Health: -5/41      AC:  3    Str:  8    XL:     6   Next: 69%
Magic:  0/11       EV: 12    Int: 18    God:    Dithmenos [......]
Gold:   161        SH:  0    Dex: 15    Spells: 3 memorised, 7 levels left

rFire  + . .     SeeInvis .     y - +0 mace
rCold  . . .     Gourm    .     w - +0 leather armour {MR+}
rNeg   . . .     Faith    .     (no shield)
rPois  .         Spirit   .     (no helmet)
rElec  .         Reflect  .     (no cloak)
rCorr  .         Harm     .     (no gloves)
MR     +....                    (no boots)
Stlth  ++........               (no amulet)
                                (no ring)
                                C - ring of protection from fire

@: very slightly contaminated
A: talons 1, agile 1, blurry vision 1
a: Renounce Religion


You were on level 5 of the Dungeon.
You worshipped Dithmenos.
Dithmenos was noncommittal.
You were not hungry.

You visited 1 branch of the dungeon, and saw 5 of its levels.

You collected 161 gold pieces.

Inventory:

Hand Weapons
 e - a +0 dagger
 t - a -2 dagger
 y - a +0 mace (weapon)
Armour
 a - a +0 robe
 d - a +0 chain mail
 g - a +0 leather armour
 s - a cursed -2 leather armour
 w - a +0 leather armour of magic resistance (worn)
Jewellery
 C - a ring of protection from fire (left hand)
Scrolls
 f - a scroll of random uselessness {unknown}
 i - 5 scrolls of identify
 j - 2 scrolls of remove curse
 m - a scroll of fog {unknown}
 p - a scroll of recharging {unknown}
 q - 2 scrolls of enchant armour {unknown}
 E - 2 scrolls of noise {unknown}
Potions
 h - a potion of resistance
 k - 2 potions of might
 n - a potion of mutation
 v - a potion of cancellation {unknown}
 z - a potion of agility
 A - a potion of beneficial mutation {unknown}
 B - a potion of lignification {unknown}
Books
 b - a book of Frost

   Spells                             Type                      Level
   a - Freeze                         Ice                          1
   b - Throw Frost                    Conjuration/Ice              2
   c - Ozocubu's Armour               Charms/Ice                   3
   d - Throw Icicle                   Conjuration/Ice              4
   e - Summon Ice Beast               Ice/Summoning                4
 o - a book of Changes

   Spells                             Type                      Level
   a - Beastly Appendage              Transmutation                1
   b - Sticks to Snakes               Transmutation                2
   c - Spider Form                    Transmutation/Poison         3
   d - Ice Form                       Ice/Transmutation            4
   e - Blade Hands                    Transmutation                5
Comestibles
 c - 3 bread rations
 l - a royal jelly
 D - 3 fruits


   Skills:
 - Level 2.0 Dodging
 - Level 2.0 Stealth
 + Level 3.7 Spellcasting
 - Level 2.4 Conjurations
 * Level 3.0 Transmutations
 - Level 4.3 Ice Magic


You had 7 spell levels left.
You knew the following spells:

 Your Spells              Type           Power        Failure   Level  Hunger
a - Freeze                Ice            ###.         4%          1    None
b - Throw Frost           Conj/Ice       ###...       12%         2    ##.....
c - Sticks to Snakes      Tmut           ##......     12%         2    ##.....


Dungeon Overview and Level Annotations

Branches:
Dungeon (5/15)
 Temple: D:4-7

Altars:
Ashenzari
Dithmenos
Gozag
Hepliaklqana
Trog
Vehumet
Xom
Zin
The Shining One

Annotations:
D:4 Azzok's ghost, amateur OpTm
D:5 Zorot's ghost, novice TrMo


Innate Abilities, Weirdness & Mutations

You have sharp toenails.
You are agile. (Dex +2)
Scrolls take you a little longer to read.


Message History

The sky beast completely misses you.
Casting: Freeze
Confirm with . or Enter, or press ? or * to list all spells.
Aiming: Freeze
Press: ? - help, Shift-Dir - straight line, f/p - sky beast
Aim: a sky beast (almost dead)
You freeze the sky beast.
The sky beast is almost dead.
The sky beast barely misses you.
Casting: Freeze
Confirm with . or Enter, or press ? or * to list all spells.
Aiming: Freeze
Press: ? - help, Shift-Dir - straight line, f/p - sky beast
Aim: a sky beast (almost dead)
You freeze the sky beast.
The sky beast is almost dead.
The sky beast hits you.
* * * LOW HITPOINT WARNING * * *
The sky beast shocks you.
You die...

#...##........
##...#.######
##....#
##...##
####....##
.........##
..........# .
..###.W...## ?
## ##..@..## #
##.Y...## #
#......##.
#### ##
#.........
....###.
##........
........
#)....... #..<
#........(
#...
#....##...
##.. .....#
#.. ##..


You could see a sky beast and Zorot's ghost.

Vanquished Creatures
  2 hounds (D:5)
  An orc priest (D:5)
  2 orc wizards
  6 adders
  2 oozes (D:1)
  3 worms
  2 dart slugs (D:1)
  3 leopard geckos
  4 orcs
  A ball python (D:1)
  3 giant cockroaches
  16 goblins
  7 hobgoblins
  7 jackals
  2 quokkas
  2 bats
  5 frilled lizards
  9 kobolds
  A leopard gecko skeleton (D:5)
  14 rats
92 creatures vanquished.

Notes
Turn   | Place    | Note
-------+----------+-------------------------------------------
     0 | D:1      | Lochraine the Human Ice Elementalist began the quest for the Orb.
     0 | D:1      | Reached XP level 1. HP: 13/13 MP: 3/3
   126 | D:1      | Reached XP level 2. HP: 19/19 MP: 5/5
   489 | D:1      | Learned a level 2 spell: Throw Frost
   539 | D:1      | Reached XP level 3. HP: 21/24 MP: 1/6
  1446 | D:2      | Reached XP level 4. HP: 27/30 MP: 4/7
  1502 | D:2      | Reached skill level 4 in Ice Magic
  2036 | D:2      | Noticed a moth of wrath
  2039 | D:2      | Found a bloodstained altar of Trog.
  2452 | D:2      | Reached XP level 5. HP: 31/35 MP: 9/9
  2574 | D:2      | Found a glowing silver altar of Zin.
  2737 | D:3      | Found a shadowy altar of Dithmenos.
  2975 | D:3      | Became a worshipper of Dithmenos the Shadowed
  3369 | D:3      | Learned a level 2 spell: Sticks to Snakes
  3529 | D:4      | Noticed a phantom
  3703 | D:4      | Noticed Azzok's ghost (amateur OpTm)
  3777 | D:4      | Reached skill level 1 in Transmutations
  3796 | D:4      | Found a shimmering altar of Xom.
  3796 | D:4      | Found a radiant altar of Vehumet.
  3997 | D:5      | Entered Level 5 of the Dungeon
  4490 | D:5      | Found an opulent altar of Gozag.
  4496 | D:5      | Reached XP level 6. HP: 32/41 MP: 6/10
  4614 | D:5      | Found a hazy altar of Hepliaklqana.
  4892 | D:5      | Found a shattered altar of Ashenzari.
  4907 | D:5      | Noticed an ice beast
  4954 | D:5      | Found a glowing golden altar of the Shining One.
  5032 | D:5      | Gained mutation: Scrolls take you a little longer to read. [potion of mutation]
  5032 | D:5      | Gained mutation: You have sharp toenails. [potion of mutation]
  5032 | D:5      | Gained mutation: You are agile. (Dex +2) [potion of mutation]
  5309 | D:5      | Noticed Zorot's ghost (novice TrMo)
  5310 | D:5      | Got a dazzling long sword
  5311 | D:5      | Identified the +8 long sword of Janwy {flame, SInv} (You found it on level 5 of the Dungeon)
  5330 | D:5      | Noticed a sky beast
  5345 | D:5      | HP: 1/41 [sky beast (5)]
  5353 | D:5      | HP: 1/41 [sky beast (1)]
  5353 | D:5      | Slain by a sky beast

Skill      XL: |  1  2  3  4  5  6 |
---------------+-------------------+-----
Ice Magic      | 4 |  4.3
Conjurations   | 2 |  2.4
Spellcasting   | 3 |  3.7
Transmutations | 2 3 |  3.0
Dodging        | |  2.0
Stealth        | |  2.0

Action                   |  1- 3 |  4- 6 || total
-------------------------+-------+-------++-------
Melee: Unarmed           |     3 |       ||     3
       Dagger            |    64 |   105 ||   169
       Mace              |       |    12 ||    12
       Kick              |       |     4 ||     4
 Cast: Freeze            |    41 |   101 ||   142
       Throw Frost       |       |    12 ||    12
  Use: Scroll            |       |     4 ||     4
       Potion            |       |     4 ||     4
 Stab: Sleeping          |     2 |     1 ||     3
       Distracted        |     1 |     1 ||     2
  Eat: Chunk             |     2 |     8 ||    10
       Pizza             |       |     1 ||     1
       Beef jerky        |       |     1 ||     1
       Royal jelly       |       |     1 ||     1
Armor: Robe              |    14 |    25 ||    39
       Leather armour    |       |     6 ||     6
Dodge: Dodged            |    64 |   124 ||   188
